 Dungeon Crawl Stone Soup version 0.29.1-15-g9cfb28693d (webtiles) character file.

Game seed: 7160115349259558718

15236 112233 the Thaumaturge (level 11, -9/56 HPs)
             Began as a Spriggan Enchanter on Feb 24, 2023.
             Was an Initiate of Gozag.
             Mangled by a troll (12 damage)
             ... on level 9 of the Dungeon.
             The game lasted 00:34:34 (22656 turns).

112233 the Thaumaturge (Spriggan Enchanter)        Turns: 22656, Time: 00:34:35

Health: -9/56      AC:  6    Str:  3    XL:     11   Next: 99%
Magic:  16/28      EV: 24    Int: 21    God:    Gozag
Gold:   1829       SH:  5    Dex: 16    Spells: 18/35 levels left

rFire   . . .      SeeInvis +   s - +2 dagger (elec)
rCold   . . .      Faith    .   (no shield)
rNeg    + + .      Spirit   .   q - +1 robe {Will+}
rPois   +          Reflect  +   (helmet restricted)
rElec   .          Harm     .   H - +2 ratskin cloak {*Rats rPois rN+ Str-1 Int-1 Dex+1}
rCorr   .          Rampage  .   (gloves unavailable)
Will    ++...                   (boots unavailable)
Stlth   +++.......              P - amulet of reflection
HPRegen 0.18/turn               l - ring of flight
MPRegen 0.21/turn               x - ring of positive energy

@: flying, very quick
A: very small, no large weapons, unfitting armour, see invisible, speed 3
a: Renounce Religion, Potion Petition, Call Merchant, Bribe Branch


You were on level 9 of the Dungeon.
You worshipped Gozag.
Gozag was most pleased with you.
You visited 3 branches of the dungeon, and saw 14 of its levels.
You also visited: Bailey.

You collected 2982 gold pieces.
You paid 1153 gold pieces to Gozag.

Inventory:

Hand Weapons
 a - a +1 dagger
 f - a +1 dagger of draining
 s - a +2 dagger of electrocution (weapon)
Missiles
 r - 5 atropa-tipped darts (quivered)
 G - a throwing net
 Q - 2 curare-tipped darts
Armour
 b - a +0 robe
 q - a +1 robe of willpower (worn)
 B - a +0 buckler
 H - the +2 ratskin cloak (worn) {*Rats rPois rN+ Str-1 Int-1 Dex+1}
   (You found it on level 6 of the Dungeon)

   When the wearer is hurt, rats may emerge from it to assist them.
   Str:       It affects your strength (-1).
   Int:       It affects your intelligence (-1).
   Dex:       It affects your dexterity (+1).
   rPois:     It protects you from poison.
   rN:        It protects you from negative energy.
Jewellery
 l - a ring of flight (left hand)
 x - a ring of positive energy (right hand)
 P - an amulet of reflection (around neck)
Wands
 F - a wand of roots (17)
 J - a wand of paralysis (8)
Scrolls
 d - 3 scrolls of blinking
 e - 3 scrolls of magic mapping
 i - 8 scrolls of teleportation
 j - 2 scrolls of amnesia
 k - 2 scrolls of noise
 u - 2 scrolls of immolation
 y - 2 scrolls of silence
 z - 2 scrolls of enchant weapon
 A - a scroll of fog
 I - a scroll of fear {unknown}
 K - a scroll of poison
 M - 4 scrolls of identify
 O - a scroll of brand weapon {unknown}
Potions
 c - 3 potions of invisibility
 g - 4 potions of brilliance {unknown}
 h - a potion of mutation {unknown}
 m - 2 potions of berserk rage {unknown}
 n - 3 potions of heal wounds {unknown}
 o - 6 potions of flight
 p - a potion of cancellation {unknown}
 t - 9 potions of curing {unknown}
 v - 2 potions of attraction {unknown}
 w - 3 potions of haste {unknown}
 C - 4 potions of lignification {unknown}
 D - a potion of might {unknown}
Miscellaneous
 E - a phial of floods (inert)
 L - a phantom mirror (inert)
 N - a box of beasts (inert)


   Skills:
 + Level 6.2 Fighting
 - Level 1.1 Short Blades
 * Level 11.3 Dodging
 - Level 4.4 Stealth
 + Level 2.1 Shields
 * Level 12.9 Spellcasting
 + Level 12.5 Hexes
 - Level 3.3 Ice Magic
 - Level 5.2 Evocations


You had 18 spell levels left.
You knew the following spells:

 Your Spells              Type           Power      Damage    Failure   Level
a - Ensorcelled Hibernat  Hex/Ice        92%        N/A       1%          2
b - Confusing Touch       Hex            60%        N/A       1%          3
c - Tukima's Dance        Hex            60%        N/A       1%          3
d - Summon Mana Viper     Hex/Summ       39%        N/A       11%         5
e - Ice Form              Ice/Tmut       20%        N/A       24%         4

Your spell library contained the following spells:

 Spells                   Type           Power      Damage    Failure   Level
 Dazzling Flash           Conj/Hex       78%        N/A       1%          3
 Anguish                  Hex/Necr       19%        N/A       3%          4
 Sandblast                Erth           26%        2d8       4%          1
 Spider Form              Tmut/Pois      13%        N/A       14%         3
 Hailstorm                Conj/Ice       20%        3d6       24%         4
 Summon Ice Beast         Ice/Summ       20%        N/A       24%         4
 Monstrous Menagerie      Summ           6%         N/A       100%        7
 Simulacrum               Ice/Necr       Unusable   N/A       N/A         6

Dungeon Overview and Level Annotations

Branches:
Dungeon (12/15)            Temple (1/1) D:5            Lair (0/5) D:11
    Orc (1/2) D:9          Bailey (visited)

Altars:
Ashenzari
Elyvilon
Gozag
Kikubaaqudgha
Makhleb
Nemelex Xobeh
Okawaru
Qazlal
Ru
Uskayaw
Wu Jian
Zin
The Shining One

Shops:
D:6 [

Annotations:
D:8 3 runed translucent doors, Descartes's ghost, novice FoFi


Innate Abilities, Weirdness & Mutations

You are very small and have problems with some larger weapons.
You are too small for most types of armour.
You have supernaturally acute eyesight. (SInv)
You cover ground extremely quickly. (Speed+++)


Message History

Confirm with . or Enter, or press ? or * to list all spells.
Aiming: Ensorcelled Hibernation (safe; 1% risk of failure)
Press: ? - help, Shift-Dir - straight line, f/p - orc priest
Aim: an orc priest, wielding a +0 trident (chance to affect: 69%)
The orc priest struggles to resist.
You block the orc's attack. The orc priest misses you.
The troll closely misses you. The troll completely misses you.
The troll misses you.
Unknown command.
Casting: Ensorcelled Hibernation (safe; 1% risk of failure)
Confirm with . or Enter, or press ? or * to list all spells.
Aiming: Ensorcelled Hibernation (safe; 1% risk of failure)
Press: ? - help, Shift-Dir - straight line, f/p - orc priest
Aim: an orc priest, wielding a +0 trident (chance to affect: 69%)
The orc priest struggles to resist.
You block the orc's attack. The orc priest completely misses you.
The troll barely misses you. The troll completely misses you.
The troll barely misses you.
Unknown command.
Casting: Ensorcelled Hibernation (safe; 1% risk of failure)
Confirm with . or Enter, or press ? or * to list all spells.
Aiming: Ensorcelled Hibernation (safe; 1% risk of failure)
Press: ? - help, Shift-Dir - straight line, f/p - orc priest
Aim: an orc priest, wielding a +0 trident (chance to affect: 69%)
The orc priest struggles to resist.
The orc barely misses you. You block the orc priest's attack.
The troll barely misses you. The troll claws you!
A river rat scurries out from under your cloak.
The troll claws you.
Unknown command.
Casting: Ensorcelled Hibernation (safe; 1% risk of failure)
Confirm with . or Enter, or press ? or * to list all spells.
Aiming: Ensorcelled Hibernation (safe; 1% risk of failure)
Press: ? - help, Shift-Dir - straight line, f/p - orc priest
Aim: an orc priest, wielding a +0 trident (ally target, chance to affect: 69%)
The orc priest struggles to resist.
The orc misses you. The troll bites you!
* * * LOW HITPOINT WARNING * * *
The troll claws you.
* * * LOW HITPOINT WARNING * * *
The troll claws you!
You die...
Your body crumbles into a pile of gold.

###...##......##
.......#.......#
.......#.......#
.......#.......#
.......#.......#
.).....#.......#
+##...##.......#
.##...##.......###
............####@####
.........####..ooTr.####
.......###.......)[....###
......##....#.......#.)..##
.....##..[.###.)...###)...##
###..#..8[.###.8.8.###.....#
###.##...)..#.......#......##
....#..#)#..#..#'#..#..#.#..#
....#.##[##.#.##.##.#.##.##)#


You could see a troll, an orc priest (ally target), an orc and a friendly river
rat.

Vanquished Creatures
  An ogre mage (D:9)
  2 two-headed ogres
  Erica (Orc:1)
  2 orc knights (Bailey)
  An ugly thing (D:10)
  An unseen horror (D:11)
  2 kobold demonologists (D:10)
  Psyche (D:11)
  2 trolls
  Sigmund (D:6)
  2 wyverns
  A yak (D:9)
  2 steam dragons
  A vampire mosquito (D:10)
  A warg (D:9)
  A sky beast (D:8)
  8 orc warriors
  6 ogres
  3 centaurs
  3 kobold brigands
  7 bullfrogs
  A necrophage (D:8)
  A scorpion (D:5)
  6 wights
  9 killer bees (D:8)
  3 hounds
  4 jellies
  10 orc priests
  A gnoll bouda (D:9)
  2 iguanas
  12 orc wizards
  5 hell rats (D:6)
  Robin (D:3)
  5 gnolls
  11 adders
  20 river rats (D:6)
  2 white imps (D:5)
  3 ufetubi
  2 worms
  4 dart slugs
  64 orcs
  16 endoplasms
  3 giant cockroaches
  29 goblins
  13 hobgoblins
  2 jackals (D:1)
  8 ball pythons
  3 bats
  38 kobolds
  8 rats
335 creatures vanquished.

Vanquished Creatures (collateral kills)
  A hydra (D:11)
  3 two-headed ogres
  2 yaks (D:10)
  A vampire mosquito (D:10)
  10 orc warriors
  2 ogres
  A centaur (D:9)
  A kobold brigand (D:8)
  A gnoll sergeant (D:9)
  4 wights
  2 orc priests
  2 orc wizards
  4 gnolls
  A white imp (D:7)
  7 orcs
  2 goblins (Bailey)
  8 kobolds
52 creatures vanquished.

Vanquished Creatures (others)
  18 dancing weapons
  2 gnolls (D:9)
  A kobold (D:9)
  9 fungi
  3 plants
  10 toadstools (D:4)
43 creatures vanquished.

Grand Total: 430 creatures vanquished

Notes
Turn   | Place    | Note
-------+----------+-------------------------------------------
     0 | D:1      | 112233 the Spriggan Enchanter began the quest for the Orb.
     0 | D:1      | Reached XP level 1. HP: 9/9 MP: 5/5
   364 | D:1      | Reached XP level 2. HP: 13/13 MP: 5/7
   367 | D:1      | Learned a level 2 spell: Ensorcelled Hibernation
   978 | D:1      | Reached XP level 3. HP: 13/16 MP: 6/9
  2363 | D:2      | Learned a level 3 spell: Confusing Touch
  2421 | D:2      | Learned a level 3 spell: Tukima's Dance
  2850 | D:3      | Reached XP level 4. HP: 21/21 MP: 8/11
  3131 | D:3      | Noticed Robin
  3551 | D:3      | Killed Robin
  3552 | D:3      | Reached skill level 5 in Spellcasting
  3850 | D:3      | Found a faded altar of an unknown god.
  3858 | D:3      | Got Plato's Cyclopedia of Terra Firma
  4031 | D:3      | Reached skill level 1 in Fighting
  4031 | D:3      | Reached XP level 5. HP: 25/25 MP: 13/13
  5065 | D:4      | Reached XP level 6. HP: 21/30 MP: 5/15
  5325 | D:4      | Reached skill level 5 in Dodging
  6121 | D:5      | Entered Level 5 of the Dungeon
  6137 | D:5      | Found a staircase to the Ecumenical Temple.
  6146 | Temple   | Entered the Ecumenical Temple
  6162 | Temple   | Became a worshipper of Gozag Ym Sagoz the Greedy
  6733 | D:5      | Reached skill level 5 in Hexes
  6842 | D:5      | Reached XP level 7. HP: 30/35 MP: 13/16
  7961 | D:5      | Learned a level 4 spell: Ice Form
  8179 | D:5      | Reached XP level 8. HP: 27/39 MP: 13/19
  8798 | D:5      | Identified the +1 robe of the Marlin {rN+}
  8853 | D:5      | Found a runed translucent door.
  9292 | D:6      | Found a hide-covered altar of Uskayaw.
  9335 | D:6      | Reached skill level 1 in Ice Magic
  9626 | D:6      | Found Duzuukk's Antique Armour Emporium.
  9703 | D:6      | Noticed Sigmund
  9713 | D:6      | Killed Sigmund
 10725 | D:6      | Found the +2 ratskin cloak {*Rats rPois rN+ Str-1 Int-1
                  | Dex+1}
 11215 | D:7      | Reached XP level 9. HP: 45/45 MP: 22/22
 11608 | D:7      | Found a glowing golden altar of the Shining One.
 12198 | D:8      | Noticed a two-headed ogre
 12244 | D:8      | Killed a two-headed ogre
 13230 | D:8      | Noticed a two-headed ogre
 13237 | D:8      | Killed a two-headed ogre
 13238 | D:8      | Reached XP level 10. HP: 51/51 MP: 9/24
 13366 | D:8      | Found a runed translucent gate.
 13366 | D:8      | Found a runed translucent gate.
 13366 | D:8      | Found a runed translucent gate.
 13390 | D:8      | Learned a level 5 spell: Summon Mana Viper
 13423 | D:8      | Noticed Descartes's ghost (novice FoFi)
 13654 | D:8      | Reached skill level 10 in Spellcasting
 13774 | D:8      | Found an ornate altar of the Wu Jian Council.
 14097 | D:9      | Found a flagged portal.
 14104 | Bailey   | Entered a bailey
 14287 | Bailey   | Noticed an orc knight
 14288 | Bailey   | Noticed an orc knight
 14921 | Bailey   | Killed an orc knight
 14922 | Bailey   | Reached skill level 10 in Hexes
 15296 | Bailey   | Killed an orc knight
 15688 | D:9      | Reached skill level 5 in Fighting
 15812 | D:9      | Found a staircase to the Orcish Mines.
 15943 | D:9      | Reached skill level 5 in Evocations
 16086 | D:10     | Entered Level 10 of the Dungeon
 16243 | D:10     | Reached skill level 10 in Dodging
 16799 | Orc:1    | Entered Level 1 of the Orcish Mines
 16799 | Orc:1    | Noticed Erica
 16811 | Orc:1    | Killed Erica
 16812 | Orc:1    | Reached XP level 11. HP: 31/56 MP: 12/27
 18933 | D:11     | Noticed a green ugly thing
 18934 | D:11     | Noticed a two-headed ogre
 19001 | D:10     | Killed a green ugly thing
 19075 | D:11     | Noticed a two-headed ogre
 19095 | D:10     | Killed a two-headed ogre
 19191 | D:11     | Killed a two-headed ogre
 19192 | D:11     | Reached skill level 1 in Shields
 19209 | D:11     | Noticed Psyche
 19468 | D:11     | Killed Psyche
 19706 | D:11     | Noticed a six-headed hydra
 20141 | Orc:1    | Noticed an ogre mage
 20145 | Orc:1    | Noticed a two-headed ogre
 20402 | D:9      | Killed a two-headed ogre
 21542 | D:11     | Found a staircase to the Lair.
 21847 | D:11     | Killed a six-headed hydra
 22503 | D:9      | Killed an ogre mage
 22656 | D:9      | Mangled by a troll

Illustrated notes

Levels and vault maps discovered:
D:1:      dpeg_arrival_subterranean_lakeside_camping, layout_basic,
          chequers_mini_garden, minmay_cupped
D:2:      cheibrodos_greedy_goblins, layout_basic
D:3:      layout_basic, shapermc_ecumenical_altar_rom_forum, serial_park_tiny_1,
          saegor_snake_ambush, uniq_robin
D:4:      cheibrodos_fertilizer, layout_rooms
D:5:      corexii_shack_village, layout_loops_corners,
          minmay_temple_entry_sparse_star, lightli_church_of_beogh
D:6:      wander_guarded_unrand_ratskin, layout_basic,
          nicolae_uskayaw_murder_on_the_dancefloor, serial_shops, shop,
          chequers_ossuary_entry_cave, nicolae_elevator_lobby_asterisk,
          uniq_sigmund
D:7:      layout_rooms, mainiacjoe_overflow_boulevard
D:8:      layout_gridville, nzn_wu_jian_council_hall,
          biasface_ghost_orc_armoury, chequers_serial_rivers_micro_d
D:9:      layout_gridville, david_orc_1_choice, enter_bailey_2
D:10:     layout_long_grid, moated_statue, chequers_serial_rivers_marsh
D:11:     layout_cave_pools, lair_entry_dummy, uniq_psyche
D:12:     layout_rooms, minivault_19, uniq_fannar
Temple:   nicolae_temple_bog_church
Orc:1:    layout_diamond_mine, basic_altar, uniq_erica

Skill      XL: |  1  2  3  4  5  6  7  8  9 10 11 |
---------------+----------------------------------+-----
Spellcasting   | 3 4 5 6 8 9 11 12 | 12.9
Dodging        | 3 4 6 7 8 9 10 11 | 11.3
Hexes          | 4 5 6 7 9 10 12 | 12.5
Fighting       | 1 2 3 4 5 6 |  6.2
Ice Magic      | 2 3 |  3.3
Evocations     | 3 5 |  5.2
Shields        | 2 |  2.1
Short Blades   | |  1.1
Stealth        | |  4.4

Action                   |  1- 3 |  4- 6 |  7- 9 | 10-12 || total
-------------------------+-------+-------+-------+-------++-------
Melee: Dagger            |   124 |   177 |   246 |   355 ||   902
       Punch             |       |     3 |     2 |     4 ||     9
 Cast: Ensorcelled Hiber |    19 |    94 |    83 |   138 ||   334
       Confusing Touch   |       |     7 |    27 |    32 ||    66
       Tukima's Dance    |       |       |    36 |    70 ||   106
Invok: Potion Petition   |       |       |       |     1 ||     1
Evoke: Wand              |       |       |     1 |     3 ||     4
       Phial of floods   |       |       |       |     1 ||     1
       Box of beasts     |       |       |       |     1 ||     1
       Phantom mirror    |       |       |       |     1 ||     1
  Use: Scroll            |       |     6 |       |     5 ||    11
 Stab: Sleeping          |    19 |    59 |    53 |    66 ||   197
       Distracted        |       |     4 |       |     5 ||     9
       Confused          |       |     1 |     7 |    11 ||    19
Armor: Robe              |    12 |    12 |    27 |    49 ||   100
Dodge: Dodged            |   108 |   146 |   231 |   506 ||   991
Block: Other             |       |       |       |    40 ||    40
       Reflection        |       |       |       |     3 ||     3
